AoeStats
← vignesh.689

Arena

509411654Analyzed
4v4 RM · 5d ago on Sep 26, 2026· 40m 31s· 8 players
Game mode
Random Map
Map size
Large (8 player)
Population
200
Speed
Normal
Resources
Standard
Victory
Conquest
Starting age
Dark Age
Ending age
Imperial Age
RankedLock teamsTeams togetherTeam positionsShared explorationLock speedFull tech treeHidden civsTurbo modeCheats
Victory
Defeat
🇮🇳 Vikings · India
1034
+14
🇮🇳 Franks · India
996
+16
🇮🇳 Khmer · India
972
+27
🇮🇳 Bohemians · India
942
+17
🇩🇪 Teutons · Germany
1025
-18
🇦🇷 Turks · Argentina
994
-16
🇦🇷 Bohemians · Argentina
971
-15
🇮🇹 Ethiopians · Italy
967
-15
Ciccio Grigiotto
11:32 Feudal Age
15:29 Castle Age
17:06 Double-Bit Axe
21:43 Wheelbarrow
20:55 Loom
24:10 Hand Cart
23:41 Town Watch
25:50 Crossbowman
26:38 Fletching
26:48 Padded Archer Armor
29:57 Imperial Age
28:18 Gold Mining
29:29 Ballistics
29:42 Horse Collar
30:19 Leather Archer Armor
30:04 Bodkin Arrow
31:46 Chemistry
31:55 Arbalester
32:41 Thumb Ring
37:28 Gold Shaft Mining
36:44 Stone Mining
37:44 Bracer
37:59 Leather Archer Armor
DonCamillo
4:20 Loom
10:59 Feudal Age
13:18 Fletching
24:49 Castle Age
22:41 Horse Collar
23:57 Double-Bit Axe
24:48 Gold Mining
24:50 Stone Mining
27:52 Bodkin Arrow
31:12 Wheelbarrow
30:23 Town Watch
30:52 Bow Saw
31:22 Ballistics
35:00 Imperial Age
33:48 Scale Barding Armor
33:54 Forging
34:34 Bloodlines
35:31 Cavalier
38:20 Chemistry
[ESTG] Daupoch
10:36 Loom
12:21 Feudal Age
13:26 Horse Collar
16:17 Castle Age
14:08 Horse Collar
16:30 Bloodlines
16:20 Double-Bit Axe
17:31 Husbandry
22:50 Wheelbarrow
22:23 Scale Barding Armor
30:00 Imperial Age
27:48 Gold Mining
28:13 Bow Saw
28:05 Heavy Plow
28:31 Chain Barding Armor
29:17 Hand Cart
29:44 Gold Shaft Mining
29:03 Fletching
29:52 Forging
32:37 Conscription
38:29 Plate Barding Armor
Barry Berkman
5:25 Loom
11:59 Feudal Age
15:50 Castle Age
13:53 Double-Bit Axe
17:17 Fervor
18:07 Wheelbarrow
19:52 Bow Saw
19:34 Horse Collar
22:19 Hand Cart
22:09 Heavy Plow
24:44 Loom
29:49 Imperial Age
27:20 Scale Mail Armor
27:24 Town Watch
28:48 Chemistry
27:38 Pikeman
28:57 Chain Mail Armor
28:52 Forging
28:49 Squires
vignesh.689
7:54 Loom
11:29 Feudal Age
16:18 Castle Age
15:03 Double-Bit Axe
15:46 Town Watch
17:28 Scale Barding Armor
17:35 Bow Saw
19:33 Wheelbarrow
20:19 Forging
21:54 Husbandry
26:22 Chain Barding Armor
27:38 Iron Casting
28:42 Town Patrol
28:58 Hand Cart
29:32 Scale Mail Armor
28:55 Pikeman
32:45 Fletching
34:07 Fortified Wall
34:24 Bodkin Arrow
38:29 Imperial Age
38:34 Cavalier
39:52 Plate Barding Armor
41:48 Blast Furnace
Unstoppable Warrior
12:34 Feudal Age
15:20 Castle Age
22:18 Horse Collar
22:25 Double-Bit Axe
23:17 Wheelbarrow
24:46 Bow Saw
25:32 Heavy Plow
28:41 Hand Cart
28:14 Loom
28:37 Gold Mining
28:38 Stone Mining
32:47 Imperial Age
33:57 Heavy Scorpion
36:37 Chemistry
37:39 Ballistics
38:53 Double Crossbow
40:28 Capped Ram
Luigi
10:06 Feudal Age
11:29 Double-Bit Axe
12:48 Double-Bit Axe
12:44 Horse Collar
15:20 Castle Age
15:22 Double-Bit Axe
15:18 Horse Collar
17:33 Bow Saw
22:23 Loom
26:24 Gold Mining
29:55 Imperial Age
28:23 Heavy Plow
28:19 Stone Mining
28:40 Scale Mail Armor
29:33 Squires
31:10 Conscription
32:12 Chain Mail Armor
32:15 Forging
31:55 Fletching
31:56 Arson
32:36 Conscription
32:39 Town Watch
34:03 Chieftains
35:04 Plate Mail Armor
35:09 Iron Casting
38:00 Two-Man Saw
37:05 Elite Varangian Guard
38:38 Gold Shaft Mining
40:22 Blast Furnace
Sid Ironside
12:25 Feudal Age
16:08 Castle Age
14:14 Double-Bit Axe
14:43 Horse Collar
17:29 Bow Saw
18:28 Heavy Plow
20:56 Loom
24:17 Wheelbarrow
24:08 Town Watch
28:55 Imperial Age
27:54 Chemistry
27:10 Forging
28:01 Squires
27:21 Pikeman
29:16 Scale Mail Armor
29:51 Iron Casting
29:07 Houfnice
29:42 Fletching
31:04 Conscription
30:50 Halberdier
34:02 Chain Mail Armor
34:48 Blast Furnace
35:56 Hussite Reforms
35:51 Bodkin Arrow
36:27 Plate Mail Armor
35:57 Padded Archer Armor
41:03 Bracer
41:18 Leather Archer Armor
41:09 Scale Barding Armor
Connection lost

Rejoining the realm…

Still unreachable

The connection could not be restored.

Session expired

The server has moved on; the page needs a fresh start.